Map: Blackpink LE

Players

LiquidTLO (TLO) - Winner!

  • Race: Zerg Zerg
  • Spawn Location: 7:00

DnS

  • Race: Protoss Protoss
  • Spawn Location: 1:00

Event: WCS Leipzig 2018

VOD

Have the link to the VOD?

Description

Time

  • Played on: Jan. 26, 2018, 9:08 a.m.
  • Length: 7:42

All games in this series

Show
View Real Time Build Order
Export as new Build Order

LiquidTLO Zerg - Winner!

Build Orders: Hatch First 

Get SALT Encoding   

  12  0:01  Drone  
  13  0:12  Overlord  
  13  0:17  Drone  
  14  0:31  Drone x2  
  16  0:51  Hatchery  
  16  0:53  Drone  
  17  0:57  Drone  
  17  1:12  Spawning Pool  
  17  1:15  Drone  
  17  1:18  Drone  
  18  1:23  Drone  
  19  1:30  Drone  
  20  1:40  Overlord  
  20  1:44  Extractor  
  19  1:58  Queen  
  19  1:59  Zergling x2  
  19  2:01  Drone  
  23  2:02  Queen  
  23  2:03  Drone  
  26  2:12  Drone  
  26  2:13  Drone  
  28  2:24  Drone  
  28  2:28  Drone  
  30  2:36  Hatchery  
  29  2:45  Overlord  
  29  2:46  Queen  
  29  2:48  Drone  
  29  2:49  Drone  
  33  2:54  Drone  
  33  2:56  Zergling x2  
  35  2:59  Metabolic Boost  
  35  3:03  Zergling x2  
  36  3:05  Zergling x2  
  36  3:11  Drone x3  
  40  3:13  Drone  
  40  3:15  Drone  
  40  3:19  Overlord  
  41  3:22  Drone  
  42  3:27  Overlord  
  42  3:31  Drone  
  42  3:33  Spore Crawler  
  42  3:34  Spore Crawler  
  42  3:36  Drone  
  42  3:40  Spore Crawler  
  42  3:41  Drone  
  42  3:44  Drone  
  42  3:45  Drone  
  42  3:47  Drone  
  45  3:50  Drone  
  45  3:51  Drone  
  47  3:59  Overlord  
  47  4:00  Drone  
  47  4:02  Drone  
  49  4:05  Lair  
  49  4:08  Extractor  
  49  4:09  Overlord  
  47  4:12  Drone x2  
  47  4:15  Extractor  
  47  4:17  Drone  
  49  4:18  Extractor  
  49  4:20  Drone  
  49  4:23  Drone  
  51  4:24  Drone x2  
  51  4:25  Drone  
  51  4:29  Overlord  
  51  4:30  Drone  
  54  4:32  Drone  
  54  4:33  Drone  
  54  4:36  Drone  
  54  4:37  Drone  
  58  4:39  Drone  
  58  4:43  Zergling x4  
  58  4:44  Zergling x2  
  62  4:49  Zergling x2  
  61  4:55  Drone, Zergling x2  
  61  4:56  Zergling x2  
  61  4:57  Zergling x2  
  65  5:00  Overlord  
  65  5:05  Hydralisk Den  
  65  5:07  Drone x2  
  66  5:08  Drone x2  
  68  5:15  Zergling x4  
  68  5:16  Zergling x2  
  71  5:21  Overlord  
  71  5:26  Zergling x2, Overlord  
  71  5:30  Zergling x2  
  71  5:31  Zergling x2  
  71  5:32  Overlord  
  73  5:38  Hydralisk  
  73  5:39  Hydralisk x4, Muscular Augments  
  83  5:45  Hydralisk x2  
  83  5:46  Hydralisk  
  83  5:48  Zergling x2  
  90  5:50  Overseer  
  90  5:53  Hydralisk  
  91  5:57  Zergling x2, Hydralisk  
  91  5:58  Hydralisk  
  91  6:02  Hydralisk  
  91  6:03  Zergling x4  
  96  6:05  Hydralisk  
  96  6:10  Hydralisk  
  99  6:11  Hydralisk  
  99  6:13  Zergling x2  
  99  6:14  Overlord  
  99  6:16  Hydralisk  
  105  6:18  Zergling x2  
  105  6:21  Overlord  
  105  6:24  Overlord  
  105  6:29  Zergling x2  
  105  6:31  Overlord  
  105  6:33  Zergling x2  
  105  6:34  Zergling x2  
  105  6:36  Zergling x2  
  105  6:39  Hydralisk  
  109  6:43  Zergling x4  
  109  6:44  Zergling x4  
  113  6:49  Hydralisk x2  
  113  6:50  Hydralisk, Lurker Den  
  113  6:52  Hydralisk  
  119  6:55  Hydralisk x2  
  119  6:59  Zergling x2  
  119  7:01  Zergling x2  
  113  7:02  Hydralisk  
  113  7:03  Zergling x2  
  113  7:04  Zergling x2  
  113  7:06  Zergling x2  
  118  7:13  Zergling x2  
  118  7:14  Zergling x2  
  117  7:21  Zergling x2  
  117  7:22  Zergling x2  
  113  7:23  Zergling x2  
  113  7:24  Zergling x2  
  124  7:37  Extractor  
  124  7:39  Extractor  
Show
View Real Time Build Order
Export as new Build Order

DnS Protoss 

Build Orders: 1 Gate Expand, Oracle Opening, Phoenix Opening, Zealot Archon, Archon Drop 

Get SALT Encoding   

  12  0:00  Probe  
  13  0:12  Probe  
  14  0:19  Pylon  
  14  0:24  Probe  
  15  0:37  Probe (Chrono Boost)  
  15  0:41  Gateway  
  16  0:47  Probe (Chrono Boost), Assimilator  
  17  0:52  Probe (Chrono Boost)  
  18  1:04  Probe  
  19  1:16  Probe  
  20  1:24  Nexus  
  20  1:33  Cybernetics Core  
  20  1:36  Probe  
  21  1:44  Assimilator  
  21  1:48  Probe  
  21  1:51  Pylon  
  22  2:00  Probe (Chrono Boost)  
  23  2:07  Adept (Chrono Boost)  
  23  2:12  Probe (Chrono Boost)  
  26  2:20  Probe (Chrono Boost)  
  26  2:21  Stargate  
  27  2:26  Adept  
  27  2:28  Probe (Chrono Boost)  
  30  2:36  Probe (Chrono Boost)  
  30  2:37  Warp Gate  
  32  2:44  Probe (Chrono Boost)  
  32  2:45  Probe (Chrono Boost)  
  32  2:50  Probe (Chrono Boost)  
  32  2:51  Probe  
  34  3:02  Probe  
  34  3:03  Probe  
  34  3:04  Oracle (Chrono Boost)  
  36  3:09  Pylon  
  39  3:14  Probe  
  39  3:15  Probe  
  39  3:18  Assimilator  
  41  3:26  Probe  
  41  3:27  Probe, Robotics Facility  
  43  3:34  Assimilator  
  43  3:38  Probe  
  43  3:39  Probe, Pylon  
  45  3:41  Phoenix (Chrono Boost)  
  47  3:50  Probe  
  47  3:51  Probe  
  49  3:55  Twilight Council  
  49  4:02  Probe  
  50  4:06  Probe  
  50  4:08  Gateway  
  50  4:09  Gateway  
  51  4:16  Gateway  
  51  4:19  Probe  
  51  4:21  Warp Prism (Chrono Boost)  
  54  4:26  Probe  
  54  4:28  Pylon  
  55  4:36  Probe, Templar Archives  
  56  4:41  Zealot  
  56  4:43  Probe  
  59  4:46  Pylon  
  59  5:00  Nexus  
  59  5:07  Pylon  
  59  5:12  Probe x2  
  61  5:18  High Templar x4  
  68  5:22  Archon x2  
  68  5:24  Probe  
  68  5:25  Charge (Chrono Boost)  
  68  5:27  Observer  
  70  5:39  Probe x2  
  70  5:41  Gateway, Pylon  
  70  5:43  Gateway  
  70  5:45  Gateway  
  70  5:51  Probe x2, Immortal  
  76  6:03  Probe  
  77  6:08  Probe (Chrono Boost)  
  77  6:11  Sentry x3, Zealot  
  82  6:12  Probe (Chrono Boost)  
  82  6:14  Pylon  
  82  6:15  Probe (Chrono Boost)  
  88  6:19  Forge  
  88  6:20  Probe (Chrono Boost), Gateway  
  88  6:24  Probe (Chrono Boost)  
  91  6:26  Probe (Chrono Boost)  
  91  6:28  Probe (Chrono Boost)  
  91  6:30  Probe (Chrono Boost)  
  91  6:32  Pylon  
  93  6:34  Immortal (Chrono Boost)  
  93  6:37  Probe  
  98  6:45  Shield Battery  
  88  6:47  Zealot x5  
  88  6:51  Zealot x2  
  90  7:10  Zealot x5  
  90  7:15  High Templar x2  
  94  7:20  Archon  
  70  7:31  Zealot x6  
Tags
 
Add a new tag
Caveats
  • Supply blocks, unpowered buildings, or Contaminate may cause inaccurate times.
  • Supply counts are checked every 10 seconds.